 Dungeon Crawl Stone Soup version 0.21.1-1-g345015f (webtiles) character file.

708 sking99 the Cleaver (level 7, 0/61 HPs)
             Began as a Hill Orc Monk on June 13, 2018.
             Was a Believer of Beogh.
             Blown up by Ijyb (17 damage)
             ... with a wand of disintegration (14)
             ... on level 5 of the Dungeon.
             The game lasted 00:34:11 (5313 turns).

sking99 the Cleaver (Hill Orc Monk)                 Turns: 5313, Time: 00:34:12

Health: 0/61       AC: 13    Str: 16    XL:     7   Next: 67%
Magic:  7/7        EV:  5    Int: 10    God:    Beogh [**....]
Gold:   190        SH:  0    Dex: 13    Spells: 6/6 levels left

rFire    . . .     SeeInvis .   u - +1 war axe
rCold    + . .     Gourm    .   (no shield)
rNeg     . . .     Faith    .   p - +2 plate armour
rPois    +         Spirit   .   (no helmet)
rElec    .         Reflect  .   (no cloak)
rCorr    .         Harm     .   (no gloves)
MR       .....                  (no boots)
Stlth    ..........             (no amulet)
HPRegen  0.20/turn              f - ring of poison resistance
MPRegen  0.10/turn              r - ring of protection from cold

@: no status effects
A: no striking features
a: Smiting, Renounce Religion


You were on level 5 of the Dungeon.
You worshipped Beogh.
Beogh was pleased with you.
You were hungry.

You visited 2 branches of the dungeon, and saw 6 of its levels.

You collected 190 gold pieces.

Inventory:

Hand Weapons
 a - a +0 hand axe
 e - a +0 hunting sling
 u - a +1 war axe (weapon)
 y - the +1 mace "Keeth" {crush, -Tele rN+ MR+ Int+4 Dex+3, unknown}
   (You found it on level 4 of the Dungeon)

   It inflicts extra damage upon your enemies.
   It affects your intelligence (+4).
   It affects your dexterity (+3).
   It protects you from negative energy.
   It affects your resistance to hostile enchantments.
   It prevents most forms of teleportation.
Missiles
 i - 8 javelins of returning
 k - 119 stones (quivered)
Armour
 b - a +0 robe
 d - a +0 chain mail
 j - a +0 robe
 l - a +1 ring mail
 p - a +2 plate armour (worn)
Jewellery
 f - a ring of poison resistance (left hand)
 m - an uncursed ring of ice
 r - a ring of protection from cold (right hand)
 z - an uncursed ring of ice
Scrolls
 h - a scroll of teleportation
 s - 4 scrolls of remove curse
 x - a scroll of identify
Potions
 g - 4 potions of mutation
 n - a potion of cancellation
 o - a potion of might {unknown}
 q - 2 potions of curing {unknown}
 t - a potion of haste {unknown}
 v - a potion of agility {unknown}
 w - 4 potions of ambrosia {unknown}
Comestibles
 c - 8 rations


   Skills:
 * Level 5.3 Fighting
 + Level 8.8 Axes
 - Level 1.2 Slings
 * Level 4.3 Armour
 - Level 2.4 Dodging
 - Level 1.5 Stealth


You had 6 spell levels left.
You didn't know any spells.

Dungeon Overview and Level Annotations

Branches:
Dungeon (5/15)             Temple (1/1) D:5

Altars:
Ashenzari
Cheibriados
Dithmenos
Elyvilon
Fedhas
Gozag
Hepliaklqana
Kikubaaqudgha
Makhleb
Nemelex Xobeh
Qazlal
Ru
Trog
Uskayaw
Vehumet
Wu Jian
Xom
Yredelemnul
The Shining One

Annotations:
D:5 Ijyb


Message History

Ijyb hits you but does no damage.
The phantom blinks!
You closely miss Ijyb.
Ijyb is almost dead.
Your plate armour prevents you from hitting the phantom.
Ijyb hits you but does no damage. The phantom hits you.
Your plate armour prevents you from hitting Ijyb.
Ijyb is almost dead.
Your plate armour prevents you from hitting the phantom.
Ijyb barely misses you.
The phantom blinks!
You closely miss Ijyb.
Ijyb is almost dead.
Ijyb hits you but does no damage.
You closely miss Ijyb.
Ijyb is almost dead.
Ijyb zaps a wand.
You are blasted!
* * * LOW HITPOINT WARNING * * *
You hit Ijyb.
Ijyb is almost dead.
Ijyb zaps a wand.
You are blasted!
You die...

########+# .# .......#.# .#
######.#.###.#.# .#
.........[.....# .#+##
######.#.###.####....#
.........(.#....#....+
##.....#....###.#....#<#
#.....###...##!@g......
#.....###......##....#.
#####.................. #
#####...###.......... #
#...# #.##.#.#..# # #...#
#.##.# .....# #######
#...###.#..###..#.#
#.....####....>..#.......#.#
.................#..##...#.#
###


You could see Ijyb.

Vanquished Creatures
  The ghost of EggBaby the Sneak, an amateur OpSu of Cheibriados (D:4)
  A sky beast (D:2)
  An ogre (D:4)
  A scorpion (D:5)
  A howler monkey (D:4)
  Crazy Yiuf (D:4)
  2 hounds
  An orc wizard (D:5)
  An iguana (D:4)
  A worker ant (D:4)
  A hound skeleton (D:4)
  3 gnolls (D:2)
  4 adders
  4 dart slugs
  2 leopard geckos
  17 orcs
  3 ball pythons
  4 giant cockroaches
  9 goblins
  9 hobgoblins
  8 jackals
  2 quokkas
  4 bats
  5 frilled lizards
  5 kobolds
  9 rats
100 creatures vanquished.

Vanquished Creatures (others)
  An orc (D:5)
1 creature vanquished.

Grand Total: 101 creatures vanquished

Notes
Turn   | Place    | Note
-------+----------+-------------------------------------------
     0 | D:1      | sking99 the Hill Orc Monk began the quest for the Orb.
     0 | D:1      | Reached XP level 1. HP: 19/19 MP: 1/1
   228 | D:1      | Reached XP level 2. HP: 23/27 MP: 2/2
   618 | D:1      | Reached skill level 1 in Armour
   878 | D:2      | Reached XP level 3. HP: 33/33 MP: 3/3
  1045 | D:2      | Reached skill level 5 in Axes
  1733 | D:2      | Reached XP level 4. HP: 39/41 MP: 4/4
  2205 | D:3      | Noticed a sky beast
  2878 | D:2      | Killed a sky beast
  2878 | D:2      | Reached skill level 1 in Slings
  2878 | D:2      | Reached XP level 5. HP: 38/47 MP: 5/5
  3244 | D:3      | Found an ancient bone altar of Kikubaaqudgha.
  3354 | D:3      | Reached skill level 6 in Axes
  3563 | D:3      | Reached XP level 6. HP: 53/53 MP: 6/6
  3832 | D:4      | Reached skill level 7 in Axes
  3881 | D:4      | Noticed EggBaby's ghost (amateur OpSu)
  4009 | D:4      | Killed EggBaby's ghost
  4009 | D:4      | Reached skill level 5 in Fighting
  4009 | D:4      | Reached XP level 7. HP: 60/61 MP: 7/7
  4191 | D:4      | Reached skill level 8 in Axes
  4565 | D:4      | Found a runed door.
  4709 | D:4      | Noticed Crazy Yiuf
  4728 | D:4      | Killed Crazy Yiuf
  4740 | D:4      | Got a jewelled mace
  4764 | D:5      | Entered Level 5 of the Dungeon
  4928 | D:5      | Became a worshipper of Beogh the Brigand
  4928 | D:5      | Reached * piety under Beogh
  4928 | D:5      | Reached ** piety under Beogh
  5100 | D:5      | Found a staircase to the Ecumenical Temple.
  5127 | Temple   | Entered the Ecumenical Temple
  5294 | D:5      | Noticed Ijyb
  5313 | D:5      | Blown up by Ijyb

Skill      XL: |  1  2  3  4  5  6  7 |
---------------+----------------------+-----
Fighting       | 4 5 |  5.3
Armour         | 1 3 4 |  4.3
Axes           | 5 6 7 8 |  8.8
Slings         | 1 |  1.2
Dodging        | |  2.4
Stealth        | |  1.5

Action                   |  1- 3 |  4- 6 |  7- 9 || total
-------------------------+-------+-------+-------++-------
Melee: Hand axe          |    96 |   194 |       ||   290
       War axe           |       |    43 |    76 ||   119
 Fire: Hunting sling     |    11 |     3 |       ||    14
Invok: Convert to Beogh  |       |       |     1 ||     1
  Use: Scroll            |       |     9 |       ||     9
       Potion            |       |     2 |       ||     2
 Stab: Sleeping          |     3 |       |       ||     3
       Distracted        |       |       |     1 ||     1
  Eat: Ration            |     1 |     2 |     1 ||     4
Armor: Robe              |    22 |       |       ||    22
       Ring mail         |     3 |    48 |       ||    51
       Skin              |       |    18 |       ||    18
       Plate armour      |       |   105 |    60 ||   165
       Chain mail        |       |     3 |       ||     3
Dodge: Dodged            |    67 |   121 |    26 ||   214
